 Dungeon Crawl Stone Soup version 0.25-a0-523-g9afb2ee040 (webtiles) character file.

Game seed: 3703446810422035015, levelgen mode: classic

218331 EnegeticOcto the Fetichist (level 17, -1/170 HPs)
             Began as a Deep Dwarf Fighter on Feb 18, 2020.
             Was the Champion of Makhleb.
             Slain by a purple very ugly thing (13 damage)
             ... on level 5 of the Vaults.
             The game lasted 00:22:52 (17425 turns).

EnegeticOcto the Fetichist (Deep Dwarf Fighter)    Turns: 17425, Time: 00:22:53

Health: -1/170     AC: 20    Str: 26    XL:     17   Next: 97%
Magic:  10/10      EV: 12    Int: 14    God:    Makhleb [******]
Gold:   2020       SH: 19    Dex: 12    Spells: 16/16 levels left

rFire    + + +     SeeInvis .   u - +8 arc blade {discharge, rElec}
rCold    + + .     Gourm    .   Q - +0 tower shield
rNeg     + . .     Faith    .   U - +2 fire dragon scales
rPois    .         Spirit   .   (helmet restricted)
rElec    +         Reflect  .   y - +2 cloak {+Inv}
rCorr    .         Harm     .   (no gloves)
MR       ++++.                  D - +1 pair of boots of the True Pharaoh {*Slow rC++ MR+ Int+3}
Stlth    ..........             (no amulet)
HPRegen  0.00/turn              q - ring "Reunutt" {rElec rC+ MR+ Int+3 Slay-2, =R}
MPRegen  0.12/turn              I - ring of protection from fire

@: very slightly contaminated, non-regenerating, slowed, drained, invisible
(expiring), very slow
A: damage resistance, heal wounds, horns 1, blink, dopey 1, negative energy
resistance 1, sense surroundings 2, no regeneration
}: 2/15 runes: barnacled, gossamer
a: Heal Wounds, Blink, Minor Destruction, Lesser Servant of Makhleb, Major
Destruction, Greater Servant of Makhleb, Renounce Religion


You were on level 5 of the Vaults.
You worshipped Makhleb.
Makhleb was exalted by your worship.
You were not hungry.

You visited 6 branches of the dungeon, and saw 34 of its levels.
You also visited: Bailey and Gauntlet.

You collected 2440 gold pieces.
You spent 420 gold pieces at shops.

Inventory:

Hand Weapons
 a - a +0 broad axe
 u - the +8 arc blade (weapon) {discharge, rElec}
   (You found it on level 10 of the Dungeon)

   It insulates you from electricity.
 A - a +0 vorpal war axe
Missiles
 p - 12 throwing nets (quivered)
Armour
 i - the cursed -3 pair of boots "Guol Ycig" {Dex+4, unknown}
   (You found it on level 3 of the Vaults)

   It affects your dexterity (+4).
   If you switch to wearing this armour, your AC will decrease by 4 (20 -> 16).
   It has a curse placed upon it.
 r - a scarf of resistance
 t - a +1 helmet
 y - a +2 cloak of invisibility (worn)
 D - the +1 pair of boots of the True Pharaoh (worn) {*Slow rC++ MR+ Int+3}
   (You found it in a Gauntlet)

   It affects your intelligence (+3).
   It greatly protects you from cold.
   It affects your resistance to hostile enchantments.
   It may slow you when you take damage.
   If you remove this armour, your AC will decrease by 3 (20 -> 17).
 Q - a +0 tower shield (worn)
 U - +2 fire dragon scales (worn)
Jewellery
 q - the ring "Reunutt" (left hand) {rElec rC+ MR+ Int+3 Slay-2, =R}
   (You found it in a bailey)

   [ring of intelligence]

   It affects your intelligence (+3).
   It affects your accuracy and damage with ranged weapons and melee attacks
   (-2).
   It protects you from cold.
   It insulates you from electricity.
   It affects your resistance to hostile enchantments.
 I - a ring of protection from fire (right hand)
 L - a +3 ring of protection
 N - the ring "Hearerro" {rPois rF- Str-3 Dex+3 Slay+2}
   (You took it off an orc wizard on level 13 of the Dungeon)

   [ring of strength]

   It affects your strength (-3).
   It affects your dexterity (+3).
   It affects your accuracy and damage with ranged weapons and melee attacks
   (+2).
   It makes you vulnerable to fire.
   It protects you from poison.
 O - the ring of Nudac {rElec rC- rCorr Int+7 SInv, unknown}
   (You found it on level 2 of the Vaults)

   [ring of resist corrosion]

   It affects your intelligence (+7).
   It makes you vulnerable to cold.
   It insulates you from electricity.
   It lets you see invisible.
   It provides partial protection from all sources of acid and corrosion.
Wands
 f - a wand of iceblast (5)
 w - a wand of flame (30)
 B - a wand of enslavement (14)
 C - a wand of polymorph (25)
 K - a wand of scattershot (6)
 P - a wand of acid (7) {@V1}
 R - a wand of disintegration (5)
Scrolls
 b - 10 scrolls of remove curse {@r6}
 c - a scroll of fear
 l - 12 scrolls of teleportation {@r2}
 o - 6 scrolls of enchant weapon
 s - 7 scrolls of magic mapping {@r5}
 F - a scroll of immolation {@r4}
 S - 2 scrolls of blinking {@r3}
Potions
 d - 9 potions of heal wounds {@q2}
 g - 3 potions of lignification {@q7}
 h - 7 potions of ambrosia
 j - 4 potions of stabbing {@q5}
 k - 4 potions of might {@q3}
 m - 2 potions of curing {@q1}
 n - 5 potions of haste {@q4}
 v - 4 potions of brilliance
 x - a potion of invisibility
 E - a potion of resistance {unknown}
 G - 2 potions of cancellation
 H - a potion of flight
 J - 2 potions of mutation
Miscellaneous
 z - a box of beasts
Comestibles
 e - 35 rations
 T - 23 chunks of flesh


   Skills:
 * Level 15.0(13.8) Fighting
 * Level 13.1(11.9) Short Blades
 - Level 9.4(8.4) Axes
 + Level 13.0(11.9) Armour
 - Level 10.1(9.0) Dodging
 + Level 13.0(11.9) Shields
 - Level 11.1(10.0) Invocations
 * Level 15.7(14.5) Evocations


You had 16 spell levels left.
You didn't know any spells.
Your spell library contained the following spells:

 Spells                   Type           Power        Failure   Level  Hunger
 Beastly Appendage        Tmut           #.....       98%         1    ##.....
 Corona                   Hex            #......      98%         1    ##.....
 Foxfire                  Conj/Fire      #...         98%         1    ##.....
 Summon Butterflies       Summ           #.......     98%         1    ##.....
 Summon Small Mammal      Summ           #...         98%         1    ##.....
 Call Imp                 Summ           #.......     99%         2    ###....
 Slow                     Hex            #.......     99%         2    ###....
 Sticks to Snakes         Tmut           #.......     99%         2    ###....
 Call Canine Familiar     Summ           #.......     100%        3    ####...
 Conjure Flame            Conj/Fire      #.......     100%        3    ####...
 Inner Flame              Hex/Fire       #.......     100%        3    ####...
 Portal Projectile        Hex/Tloc       #.....       100%        3    ####...
 Recall                   Summ/Tloc      N/A          100%        3    ####...
 Spider Form              Tmut/Pois      #.........   100%        3    ####...
 Summon Guardian Golem    Hex/Summ       #.......     100%        3    ####...
 Cause Fear               Hex            #.........   100%        4    #####..
 Ice Form                 Ice/Tmut       #.......     100%        4    #####..
 Leda's Liquefaction      Hex/Erth       #.........   100%        4    #####..
 Sticky Flame             Conj/Fire      #.......     100%        4    #####..
 Summon Ice Beast         Ice/Summ       #.......     100%        4    #####..
 Summon Lightning Spire   Summ/Air       #.......     100%        4    #####..
 Aura of Abjuration       Summ           #.........   100%        5    ######.
 Blade Hands              Tmut           #.........   100%        5    ######.
 Fireball                 Conj/Fire      #.........   100%        5    ######.
 Summon Demon             Summ           #.........   100%        5    ######.
 Summon Forest            Summ/Tloc      #.........   100%        5    ######.
 Summon Mana Viper        Hex/Summ       #.......     100%        5    ######.
 Shadow Creatures         Summ           N/A          100%        6    #######
 Summon Hydra             Summ           #.........   100%        7    #######


Dungeon Overview and Level Annotations

Branches:
Dungeon (15/15)            Temple (1/1) D:7            Lair (5/6) D:10
 Shoals (4/4) Lair:2       Spider (4/4) Lair:4        Slime (0/5) Lair:5
    Orc (0/2) D:10         Vaults (5/5) D:14          Crypt (0/3) Vaults:2
 Depths (0/5) D:15         Bailey (visited)         Gauntlet (visited)

Altars:
Ashenzari
Cheibriados
Dithmenos
Fedhas
Gozag
Hepliaklqana
Kikubaaqudgha
Makhleb
Nemelex Xobeh
Okawaru
Qazlal
Ru
Sif Muna
Trog
Uskayaw
Vehumet
Wu Jian
Xom
Yredelemnul
Zin
The Shining One
Jiyva

Shops:
D:14 *   Vaults:2 ?

Portals:
Trove: D:10 (give +3 storm dragon scales)

Annotations:
Lair:3 exclusion: oklob plant
Vaults:2 2 runed translucent doors, Isedumueph's ghost, veteran HuFi


Innate Abilities, Weirdness & Mutations

You are resistant to damage.
You can heal yourself by infusing magical energy.
You resist negative energy. (rN+)
You passively map the area around you.
You do not regenerate.
You have a pair of small horns on your head.
You can translocate small distances at will.
You are dopey. (Int -2)


Message History

The anaconda grabs your blizzard demon.
The anaconda bites your blizzard demon but does no damage.
The anaconda constricts your blizzard demon.
Your blizzard demon hits the deep troll!
Your blizzard demon hits the deep troll.
Your cacodemon completely misses the shadow dragon.
Your cacodemon hits the shadow dragon.
A titan comes into view.
Your blizzard demon misses the anaconda.
Your blizzard demon hits the anaconda.
The tengu reaver hits your blizzard demon with a +2 great mace.
The tengu reaver pecks your blizzard demon.
The tengu reaver claws your blizzard demon but does no damage.
You block something's attack. The anaconda bites your blizzard demon.
The anaconda constricts your blizzard demon.
The shadow dragon bites you but does no damage.
You block the shadow dragon's attack. x2
A deep elf high priest comes into view.
It is wielding a +2 long sword of freezing.
The deep troll bites your blizzard demon.
The deep troll claws your blizzard demon!
The deep troll completely misses your blizzard demon.
You hit the shadow dragon but do no damage.
You headbutt the shadow dragon, but do no damage.
The shadow dragon is moderately wounded.
The anaconda bites your blizzard demon but does no damage.
The anaconda constricts your blizzard demon.
Your cacodemon hits the shadow dragon but does no damage. x2
Your blizzard demon hits the deep troll!
Your blizzard demon hits the deep troll but does no damage.
The titan waves its arms in wide circles.
The orc knight roars a battlecry!
The orcs go into a battle-frenzy!
Your blizzard demon gestures at the anaconda.
The bolt of cold hits the anaconda!!
The bolt of cold hits the great orb of eyes!!
A yaktaur captain comes into view.
Something hits you!
The deep elf high priest mumbles some strange prayers to its god.
The deep elf high priest begins emitting a brilliant aura!
The titan is empowered by the deep elf high priest's aura!
The anaconda bites your blizzard demon!
The anaconda constricts your blizzard demon.
Your blizzard demon dies!
The shadow dragon breathes negative energy at you.
The bolt of negative energy hits you!! You partially resist.
You feel drained.
* * * LOW HITPOINT WARNING * * *
The bolt of negative energy hits something.
The deep troll bites your blizzard demon!!
The deep troll completely misses your blizzard demon.
The deep troll claws your blizzard demon.
Your blizzard demon dies!
Your cacodemon hits the shadow dragon. x2
You hear a chilling moan.
You are too injured to fight recklessly!
You are too injured to fight recklessly!
You are too injured to fight recklessly!
You feel much better.
The yaktaur captain shouts!
The anaconda hisses angrily.
The orc hits your cacodemon but does no damage.
An ironheart preserver comes into view. It is wielding a -3 flail.
Something hits you! Something drains your vigour!
You feel as though you will be slow longer.
You block the vault warden's attack.
The vault warden hits your cacodemon with a +2 battleaxe of electrocution!
The titan waves its arms in wide circles.
* * * LOW HITPOINT WARNING * * *
The tengu reaver hits you with a +2 great mace!!
* * * LOW HITPOINT WARNING * * *
You block the tengu reaver's attack. x2
The purple very ugly thing closely misses you.
The shadow dragon barely misses you. x2
The shadow dragon claws you but does no damage.
Your cacodemon barely misses the shadow dragon. x2
The anaconda barely misses you.
The orc hits your cacodemon but does no damage.
Something hits you but does no damage.
You feel much better.
You flicker for a moment.
The yaktaur captain shouts!
The anaconda changes into a merfolk!
The merfolk changes into a sea snake!
The titan is empowered by something's aura!
The purple very ugly thing claws you!
* * * LOW HITPOINT WARNING * * *
The shadow dragon breathes negative energy at you.
The bolt of negative energy hits you! You partially resist.
You feel drained.
* * * LOW HITPOINT WARNING * * *
The bolt of negative energy hits something.
You block the deep troll's attack. The deep troll claws you.
* * * LOW HITPOINT WARNING * * *
The deep troll barely misses you. You block the vault warden's attack.
The vault warden hits your cacodemon with a +2 battleaxe of electrocution.
Your cacodemon hits the orc!
The orc dies!
Makhleb accepts your kill.
The tengu reaver hits you with a +2 great mace!
* * * LOW HITPOINT WARNING * * *
The tengu reaver pecks you but does no damage.
You block the tengu reaver's attack. Something hits your cacodemon!
The purple very ugly thing claws you!
You die...

.., * ... ...
....... .. ,
,.......,......#
* ..
....#..#......# ,
..
,.....#%.#.....#
,. ,,
.c.o.....#....# ,
,
CeCc..(...#...#,
, ,,
#.o.D....#..# *
D..#.[u{T...#.# ,
....#.2@S.....#,
, ,
...%.#pDQC.#..# *
, *,
,}.....#G....#.#,
, ,
,../.[(........#
,
).?.C.........#,
, .........p....#
, ..........#...#
, ,
,....!......#..#,
* , ,, ,


You could see a shadow dragon, an ironheart preserver, 3 titans, a golden
dragon, a purple very ugly thing, a stone giant, a vault warden, a tengu reaver,
2 yaktaur captains, an orc knight, a great orb of eyes, a sea snake shaped
shifter, a deep troll, a deep elf high priest, an orc priest and a friendly
cacodemon.

Vanquished Creatures
  Jorgrun (D:13)
  A sphinx (Vaults:3)
  The ghost of EnegeticOcto the Severer, an adept DDFi of Makhleb (Shoals:3)
  Kirke (D:15)
  Donald (Vaults:2)
  A fire giant (D:13)
  3 ghost moths
  5 vault wardens
  Aizul (Spider:4)
  Louise (D:14)
  The ghost of Taampebul the Fighter, a journeyman MiFi of Okawaru (Shoals:3)
  4 ironheart preservers
  4 very ugly things (Vaults:3)
  2 entropy weavers
  The ghost of EnegeticOcto the Cleaver, a journeyman DDFi of Makhleb (D:13)
  2 spark wasps
  A minotaur (Gauntlet)
  Snorg (D:14)
  A yaktaur captain (Vaults:1)
  10 merfolk impalers (Shoals:4)
  4 merfolk javelineers (Shoals:4)
  2 fire dragons (Vaults:3)
  2 merfolk avatars (Shoals:4)
  4 hydras
  2 catoblepae
  6 vault guards
  5 centaur warriors
  3 alligator snapping turtles (Shoals:4)
  19 two-headed ogres
  2 death knights
  4 ogre magi
  2 merfolk aquamancers (Shoals:4)
  3 tengu warriors
  14 skeletal warriors
  5 sea snakes
  4 unseen horrors
  A glowing orange brain (Vaults:1)
  A flayed ghost (Vaults:2)
  A phantasmal warrior (D:13)
  5 orc knights
  A tengu zombie (Vaults:3)
  7 ironbrand convokers
  Pikel (D:6)
  3 wizards
  4 deep elf magi
  4 necromancers
  A sphinx skeleton (Vaults:3)
  2 tengu skeletons (Vaults:2)
  5 orb spiders
  4 harpies (Vaults:3)
  18 ugly things
  A stone giant zombie (Vaults:3)
  5 manticores
  18 wolf spiders
  2 frost giant zombies (Vaults:3)
  2 moths of wrath
  6 cyclopes
  2 merfolk sirens (Shoals:4)
  2 vault sentinels
  A water nymph (Shoals:4)
  2 stone giant skeletons
  A black mamba (Lair:4)
  2 frost giant skeletons (Vaults:2)
  4 spiny frogs
  2 gargoyles (D:14)
  Maggie (D:10)
  A yaktaur zombie (Vaults:3)
  A kobold demonologist (D:13)
  7 komodo dragons
  5 centaur skeletons
  A rime drake (Lair:5)
  2 efreet
  4 demonic crawlers
  2 yaktaurs (Vaults:1)
  6 human skeletons
  2 tengu conjurers
  2 guardian mummies (D:10)
  2 queen bees (shapeshifter)
  A redback zombie (D:15)
  A yaktaur skeleton (Vaults:2)
  17 merfolk
  8 trolls
  6 hornets
  8 jumping spiders
  A tengu simulacrum (Vaults:3)
  5 snapping turtles
  3 dream sheep (Shoals:1)
  4 wind drakes
  A meliai zombie (D:15)
  5 hippogriffs
  9 slime creatures
  A dream sheep (shapeshifter) (Vaults:1)
  Sigmund (D:6)
  8 tarantellas
  38 redbacks
  41 yaks
  4 shadows
  A wraith (D:11)
  A ynoxinul (Gauntlet)
  5 wyverns
  3 hogs (D:15)
  A basilisk (D:11)
  3 hungry ghosts
  Eustachio (D:4)
  A vampire mosquito (D:14)
  A warg (Vaults:3)
  7 acid dragons
  6 porcupines
  3 water moccasins
  4 slaves (D:6)
  12 orc warriors
  5 ice beasts
  2 black bears
  A human zombie (Vaults:3)
  2 phantoms
  7 ogres
  8 necrophages
  An eye of draining (D:13)
  4 sky beasts
  3 wolves (Gauntlet)
  21 centaurs
  6 crocodiles
  Blork the orc (D:6)
  4 big kobolds
  17 bullfrogs
  2 wyvern zombies
  3 scorpions
  A water moccasin skeleton (D:7)
  6 killer bees (D:11)
  A human simulacrum (Vaults:3)
  4 howler monkeys
  13 wights
  An electric eel (Lair:2)
  8 crimson imps
  6 centaur zombies
  2 bullfrog zombies
  A quasit (D:7)
  3 hounds
  8 jellies
  13 orc priests
  15 orc wizards
  2 bullfrog skeletons
  5 iguanas
  8 worker ants
  A hound skeleton (D:4)
  A worker ant zombie (D:6)
  Robin (D:4)
  9 adders
  7 gnolls
  6 shadow imps
  An ooze (D:5)
  An adder skeleton (D:6)
  2 adder zombies
  2 worms
  A dart slug (D:4)
  5 leopard geckos
  48 orcs
  4 giant cockroaches
  20 goblins
  5 hobgoblins
  2 jackals (D:6)
  4 quokkas
  A ball python (D:2)
  A frilled lizard (D:3)
  24 kobolds
  A quokka skeleton (D:4)
  4 rats
  2 fungi
816 creatures vanquished.

Vanquished Creatures (collateral kills)
  Mara (Vaults:2)
  Xtahua (Vaults:2)
  2 merfolk javelineers (Shoals:4)
  A deep elf high priest (Vaults:5)
  A merfolk aquamancer (Shoals:4)
  A satyr (Shoals:4)
  A deep elf knight (Vaults:2)
  2 sea snakes (Shoals:4)
  An ironbrand convoker (Vaults:2)
  A wolf spider (Vaults:2)
  2 manticores (Shoals:4)
  A rust devil (Gauntlet)
  2 yaktaurs (Vaults:2)
  3 merfolk (Shoals:4)
  A wind drake (Shoals:4)
  An iron imp (Gauntlet)
  An orc (Vaults:5)
23 creatures vanquished.

Vanquished Creatures (others)
  Nikola (Spider:4)
  A merfolk javelineer (Shoals:4)
  A merfolk avatar (Shoals:4)
  An unseen horror (D:14)
  A merfolk siren (Shoals:4)
  A centaur (Shoals:4)
  An iron imp (Gauntlet)
  A demonic plant (Gauntlet)
8 creatures vanquished.

Grand Total: 847 creatures vanquished

Notes
Turn   | Place    | Note
-------+----------+-------------------------------------------
     0 | D:1      | EnegeticOcto the Deep Dwarf Fighter began the quest for the
                  | Orb.
     0 | D:1      | Reached XP level 1. HP: 20/20 MP: 1/1
   141 | D:2      | Reached XP level 2. HP: 25/27 MP: 2/2
   331 | D:3      | HP: 1/28 [orc priest/divine providence (13)]
   342 | D:3      | Reached skill level 1 in Dodging
   342 | D:3      | Reached XP level 3. HP: 34/34 MP: 3/3
   346 | D:3      | Reached XP level 4. HP: 42/42 MP: 4/4
   460 | D:4      | Reached XP level 5. HP: 46/49 MP: 5/5
   623 | D:4      | Noticed Eustachio
   661 | D:4      | Killed Eustachio
   661 | D:4      | Reached XP level 6. HP: 30/57 MP: 6/6
   765 | D:4      | Noticed Robin
   772 | D:4      | Killed Robin
   821 | D:4      | Found a radiant altar of Vehumet.
   953 | D:5      | Entered Level 5 of the Dungeon
   977 | D:5      | Reached XP level 7. HP: 30/66 MP: 7/7
  1177 | D:5      | Reached skill level 5 in Axes
  1465 | D:6      | Noticed Blork the orc
  1475 | D:6      | Killed Blork the orc
  1486 | D:6      | Reached skill level 5 in Fighting
  1487 | D:6      | Reached skill level 5 in Shields
  1487 | D:6      | Reached skill level 5 in Armour
  1487 | D:6      | Reached XP level 8. HP: 38/74 MP: 8/8
  1533 | D:6      | Noticed Sigmund
  1553 | D:6      | Killed Sigmund
  1838 | D:6      | Noticed Pikel
  1867 | D:6      | Killed Pikel
  1867 | D:6      | Gained mutation: You passively map the area around you.
                  | [Deep Dwarf growth]
  1867 | D:6      | Reached XP level 9. HP: 49/85 MP: 8/8
  1987 | D:6      | Found a stormy altar of Qazlal.
  1987 | D:6      | Found a glowing golden altar of the Shining One.
  2183 | D:7      | Paralysed by a centaur for 2 turns
  2294 | D:7      | Found a glowing golden altar of the Shining One.
  2389 | D:7      | Found a staircase to the Ecumenical Temple.
  2395 | Temple   | Entered the Ecumenical Temple
  2491 | Temple   | Became a worshipper of Makhleb the Destroyer
  2517 | D:7      | Reached skill level 5 in Dodging
  2529 | D:7      | Reached skill level 1 in Invocations
  3135 | D:7      | Gained mutation: You are dopey. (Int -2) [potion of
                  | mutation]
  3135 | D:7      | Gained mutation: You can translocate small distances at
                  | will. [potion of mutation]
  3212 | D:8      | Found an ancient bone altar of Kikubaaqudgha.
  3376 | D:8      | Found a flagged portal.
  3400 | Bailey   | Entered a bailey
  3445 | Bailey   | Noticed an orc knight
  3460 | Bailey   | Killed an orc knight
  3460 | Bailey   | Reached XP level 10. HP: 78/94 MP: 9/11
  3477 | Bailey   | Reached * piety under Makhleb
  3536 | Bailey   | Got a brightly glowing amber ring
  3537 | Bailey   | Identified the ring "Reunutt" {rElec rC+ MR+ Int+3 Slay-2}
                  | (You found it in a bailey)
  3939 | D:9      | Reached skill level 5 in Invocations
  3979 | D:9      | Found a blossoming altar of Fedhas.
  4408 | D:9      | Reached ** piety under Makhleb
  4518 | D:9      | Found an opulent altar of Gozag.
  4911 | D:10     | Entered Level 10 of the Dungeon
  4930 | D:10     | Found a staircase to the Orcish Mines.
  5011 | D:10     | Found a portal to a secret trove of treasure.
  5071 | D:10     | Found the +8 arc blade {discharge, rElec}
  5203 | D:10     | Found a staircase to the Lair.
  5208 | D:10     | Killed an unseen horror
  5208 | D:10     | Reached skill level 1 in Short Blades
  5389 | D:10     | Noticed Maggie
  5519 | D:10     | Reached XP level 11. HP: 87/104 MP: 13/13
  5684 | D:10     | Killed Maggie
  5811 | Lair:1   | Entered Level 1 of the Lair of Beasts
  5811 | Lair:1   | Noticed a five-headed hydra
  5819 | Lair:1   | Killed a five-headed hydra
  6077 | Lair:2   | Reached *** piety under Makhleb
  6159 | Lair:2   | Found a staircase to the Shoals.
  6744 | Lair:3   | Noticed a seven-headed hydra
  6750 | Lair:3   | Killed a seven-headed hydra
  6757 | Lair:3   | Noticed an oklob plant
  7449 | Lair:4   | Reached XP level 12. HP: 78/115 MP: 15/15
  7453 | Lair:4   | Reached **** piety under Makhleb
  7482 | Lair:4   | Found a hole to the Spider Nest.
  7547 | Lair:4   | Reached skill level 5 in Short Blades
  7586 | Lair:4   | Noticed a seven-headed hydra
  7598 | Lair:4   | Killed a seven-headed hydra
  7598 | Lair:4   | Reached skill level 10 in Invocations
  7915 | Lair:5   | Found a viscous altar of Jiyva.
  7916 | Lair:5   | Found a staircase to the Slime Pits.
  8002 | Lair:5   | Reached skill level 10 in Fighting
  8649 | D:11     | Found a gate leading to a gauntlet.
  8680 | D:11     | Reached ***** piety under Makhleb
  8692 | Gauntlet | Entered a Gauntlet
  8692 | Gauntlet | Found a transporter.
  8692 | Gauntlet | Found a transporter.
  8710 | Gauntlet | Found a transporter.
  8714 | Gauntlet | Found a transporter.
  8721 | Gauntlet | Found a runed translucent door.
  8724 | Gauntlet | Found a transporter.
  8726 | Gauntlet | Found a transporter.
  8734 | Gauntlet | Found a transporter.
  8743 | Gauntlet | Noticed a green death
  8750 | Gauntlet | Found a transporter.
  8764 | Gauntlet | Found a transporter.
  8768 | Gauntlet | Found a transporter.
  8772 | Gauntlet | Found a runed translucent door.
  8772 | Gauntlet | Found a runed translucent door.
  8776 | Gauntlet | Found a transporter.
  8780 | Gauntlet | Found a transporter.
  9098 | Gauntlet | Got a pair of twisted boots
  9110 | Gauntlet | Identified the +1 pair of boots of the True Pharaoh {*Slow
                  | rC++ MR+ Int+3} (You found it in a Gauntlet)
  9123 | Gauntlet | Noticed a minotaur
  9145 | Gauntlet | Killed a minotaur
  9261 | D:11     | Reached skill level 1 in Evocations
  9271 | D:11     | Noticed a tengu warrior
  9287 | D:11     | Reached XP level 13. HP: 122/124 MP: 16/16
 10141 | D:13     | Identified the cursed ring "Hearerro" {rPois rF- Str-3
                  | Dex+3 Slay+2}
 10192 | D:13     | Noticed Jorgrun
 10217 | D:13     | Killed Jorgrun
 10217 | D:13     | Reached skill level 5 in Evocations
 10236 | D:13     | Found a runed translucent gate.
 10236 | D:13     | Found a runed translucent gate.
 10236 | D:13     | Found a runed translucent gate.
 10239 | D:13     | Noticed EnegeticOcto's ghost (journeyman DDFi)
 10239 | D:13     | Noticed a fire giant
 10365 | D:13     | Killed EnegeticOcto's ghost
 10369 | D:13     | Killed a fire giant
 10384 | D:13     | Reached ****** piety under Makhleb
 10482 | D:13     | Reached skill level 10 in Armour
 10511 | D:13     | Reached skill level 10 in Shields
 10579 | D:14     | Found an iron altar of Okawaru.
 10589 | D:14     | Noticed Snorg
 10612 | D:14     | Killed Snorg
 10622 | D:14     | Gained mutation: You resist negative energy. (rN+) [Deep
                  | Dwarf growth]
 10622 | D:14     | Reached XP level 14. HP: 85/135 MP: 15/15
 10684 | D:14     | Found Feych's Elemental Accessories.
 10750 | D:14     | Noticed Louise
 10783 | D:14     | Killed Louise
 11068 | D:14     | Found a gate to the Vaults.
 11068 | D:14     | Noticed an ironheart preserver
 11083 | D:14     | Killed an ironheart preserver
 11177 | D:15     | Entered Level 15 of the Dungeon
 11797 | D:15     | Reached skill level 10 in Dodging
 11929 | D:15     | Noticed Kirke
 11943 | D:15     | Killed Kirke
 12065 | D:15     | Found a staircase to the Depths.
 12384 | Spider:1 | Entered Level 1 of the Spider Nest
 12949 | Spider:2 | Reached XP level 15. HP: 146/146 MP: 16/16
 12997 | Spider:2 | Reached skill level 10 in Evocations
 13002 | Spider:2 | Killed a ghost moth
 13162 | Spider:2 | You fall into a shaft and drop 1 floor!
 13197 | Spider:3 | Reached skill level 10 in Short Blades
 13314 | Spider:4 | Entered Level 4 of the Spider Nest
 13520 | Spider:4 | Noticed Nikola
 13542 | Spider:4 | Killed Nikola
 13878 | Spider:4 | Killed a ghost moth
 13890 | Spider:4 | Noticed Aizul
 13923 | Spider:4 | Killed Aizul
 13924 | Spider:4 | Killed a ghost moth
 14106 | Spider:4 | Got a gossamer rune of Zot
 14310 | Shoals:1 | Entered Level 1 of the Shoals
 14450 | Shoals:3 | Found a runed translucent gate.
 14450 | Shoals:3 | Found a runed translucent gate.
 14450 | Shoals:3 | Found a runed translucent gate.
 14450 | Shoals:3 | Noticed Taampebul's ghost (journeyman MiFi)
 14451 | Shoals:3 | Noticed EnegeticOcto's ghost (adept DDFi)
 14491 | Shoals:3 | Killed EnegeticOcto's ghost
 14521 | Shoals:3 | Killed Taampebul's ghost
 14579 | Shoals:4 | Entered Level 4 of the Shoals
 14622 | Shoals:4 | Reached XP level 16. HP: 108/157 MP: 15/15
 14797 | Shoals:4 | Got a scintillating amber ring
 14993 | Shoals:4 | Gained mutation: You have a pair of small horns on your
                  | head. [mutagenic glow]
 15003 | Shoals:4 | HP: 6/157 [merfolk impaler/+0 trident (2)]
 15318 | Shoals:4 | Got a barnacled rune of Zot
 15321 | Shoals:4 | Identified the ring of Fugre {*Tele +Fly rC+ rN+ MR-} (You
                  | found it on level 4 of the Shoals)
 15623 | Vaults:1 | Entered Level 1 of the Vaults
 16035 | Vaults:2 | Noticed Xtahua
 16054 | Vaults:2 | Killed Xtahua
 16054 | Vaults:2 | Reached XP level 17. HP: 81/166 MP: 9/9
 16213 | Vaults:2 | Noticed Donald
 16243 | Vaults:2 | Killed Donald
 16468 | Vaults:2 | Found a staircase to the Crypt.
 16570 | Vaults:2 | Noticed Mara
 16579 | Vaults:2 | Paralysed by a hornet for 1 turns
 16593 | Vaults:2 | Killed Mara
 16627 | Vaults:2 | Found Qoelaid's Magic Scroll Shoppe.
 16634 | Vaults:2 | Got a twitching platinum ring
 16648 | Vaults:2 | Bought a scroll of blinking for 150 gold pieces
 16648 | Vaults:2 | Bought a scroll of blinking for 150 gold pieces
 16648 | Vaults:2 | Bought a scroll of teleportation for 60 gold pieces
 16648 | Vaults:2 | Bought a scroll of teleportation for 60 gold pieces
 16649 | Vaults:2 | Found a large runed translucent door.
 16650 | Vaults:2 | Found a large runed translucent door.
 16650 | Vaults:2 | Noticed Isedumueph's ghost (veteran HuFi)
 16729 | Vaults:3 | Reached skill level 15 in Evocations
 16834 | Vaults:3 | Identified a scroll of acquirement
 17380 | Vaults:3 | Got a pair of fine boots
 17401 | Vaults:4 | Reached skill level 15 in Fighting
 17406 | Vaults:5 | Entered Level 5 of the Vaults
 17412 | Vaults:5 | Noticed a golden dragon
 17413 | Vaults:5 | Found the +3 warlock's mirror {reflect}
 17414 | Vaults:5 | Noticed a titan
 17420 | Vaults:5 | Noticed a titan
 17422 | Vaults:5 | Noticed a titan
 17425 | Vaults:5 | Slain by a purple very ugly thing

Levels and vault maps discovered:
D:1:      heliophobic_arrival_ceremonial_halls, layout_basic,
          minmay_indecisive_spiral
D:2:      layout_rooms, kennysheep_nub, kennysheep_crisscross,
          minmay_statues_item
D:3:      layout_basic, elyvilon_altar_4, first_ration, grunt_ministairs_13
D:4:      layout_basic, lemuel_doored_altar, kennysheep_generic_room_4,
          uniq_robin, uniq_eustachio
D:5:      layout_basic
D:6:      layout_cave_pools, amethyst_overflow_temple_binary,
          kennysheep_generic_room_11, uniq_pikel, uniq_sigmund,
          uniq_blork_the_orc
D:7:      layout_loops_corners, temple_green, grunt_ogre_cave, tso_altar
D:8:      layout_rooms, marbit_many_paths, enter_bailey_3
D:9:      layout_stronghold, grunt_gozag_breadcrumbs, fedhas_altar_1
D:10:     layout_loops_ring, grunt_lair_entry_orc_guard_hut, orc_0_dummy,
          nicolae_trove_entry_path_of_doom, kennysheep_opposing_triangles,
          uniq_maggie
D:11:     layout_loops_ring, gauntlet_entry_generic, minivault_28
D:12:     layout_basic, yredelemnul_altar_generic, uniq_rupert
D:13:     layout_basic, gammafunk_ghost_split, grunt_tough_drop, uniq_jorgrun
D:14:     layout_layer_cave, skrybe_vaults_entry_preservation,
          okawaru_ov_weapons_minmay, nicolae_elemental_shop, uniq_louise,
          uniq_snorg
D:15:     grunt_enter_depths_magical_seal, layout_stronghold,
          minmay_crystal_room, uniq_kirke
Temple:   lightli_temple_of_artemis
Lair:1:   beast_lair_carwin_large_1, layout_loops_ring,
          chequers_serial_rivers_small_3, guppyfry_lair_drakes,
          minmay_lair_oklob_chamber
Lair:2:   layout_loops_ring, minmay_shoals_entry_hut
Lair:3:   layout_regular_city, minivault_11, minmay_lair_oklob_bushes,
          serial_bayou_shore_b
Lair:4:   layout_cave_shapes, nicolae_spider_entry_non_spiders,
          roderic_carrion_pond
Lair:5:   layout_misc_corridors, slime_altar_1, lemuel_fruit_tree
Shoals:1: layout_shoals
Shoals:2: layout_shoals, portal_ice_cave_entry_ugly_swarm,
          nicolae_shoals_seven_spires
Shoals:3: layout_shoals, gammafunk_ghost_cemetery, uniq_ilsuiw
Shoals:4: shoals_end_simple, layout_shoals, shoals_ilsuiw_alternative
Spider:1: layout_spider_delve
Spider:2: layout_spider_delve, minmay_another_anthill
Spider:3: layout_spider_delve, uniq_arachne
Spider:4: spider_rune_water, uniq_aizul, uniq_nikola
Vaults:1: hangedman_vaults_unwind, nicolae_vaults_mini_display_case,
          vaults_standard_mumra_lines, hangedman_vaults_pinch,
          grunt_vaults_hallway_short, nicolae_vaults_stairing_the_circle,
          v_rooms_3, grunt_vaults_hallway_short, nicolae_vaults_hallways_thing,
          vaults_dpeg_cross, vaults_dpeg_encased_lava, layout_vaults_big_cross,
          serial_shops, nicolae_shop_crystal
Vaults:2: advil_vaults_ghost_guards, v_misc_22, grunt_vaults_swirl,
          minmay_crypt_entry_skeletal_spiral,
          vaults_room_grunt_arrival_checkpoint, nicolae_vaults_three_branches,
          layout_vaults_omnigrid, serial_shops, shop, uniq_xtahua, uniq_mara,
          uniq_donald
Vaults:3: nicolae_vaults_inception_corners, hangedman_vaults_trim, v_misc_25,
          hangedman_vaults_slice, v_misc_29, v_pattern_1,
          hangedman_vaults_cutoff, special_room_vaults [special_room_orc],
          layout_vaults_chaotic_city
Vaults:4: nicolae_vaults_circle_grid_b, vaults_standard_mumra_enter_the_diamond,
          ontoclasm_vaults_hangar, vaults_dpeg_spiral, hangedman_vaults_hat,
          nicolae_vaults_alarming, nicolae_vaults_ninety_degrees, v_misc_9,
          v_misc_5, layout_vaults_ring
Vaults:5: serial_shops

Skill      XL: |  1  2  3  4  5  6  7  8  9 10 11 12 13 14 15 16 17 |
---------------+----------------------------------------------------+-----
Fighting       | 3 4 5 6 7 8 9 10 11 12 13 14 15 | 15.0
Axes           | 3 4 5 7 8 9 |  9.4
Dodging        | 1 2 3 4 5 6 7 8 9 10 | 10.1
Armour         | 4 5 6 7 8 9 10 11 12 13 | 13.0
Shields        | 4 5 6 7 8 9 10 11 12 13 | 13.0
Invocations    | 4 6 9 11 | 11.1
Short Blades   | 1 4 6 8 9 10 12 13 | 13.1
Evocations     | 1 6 9 12 14 15 | 15.7

Action                   |  1- 3 |  4- 6 |  7- 9 | 10-12 | 13-15 | 16-18 || total
-------------------------+-------+-------+-------+-------+-------+-------++-------
Melee: War axe           |    51 |   120 |   307 |   224 |       |       ||   702
       Rapier            |       |       |       |   512 |  1318 |  1000 ||  2830
       Headbutt          |       |       |       |       |       |   225 ||   225
Invok: Lesser Servant of |       |       |       |     1 |       |       ||     1
       Greater Servant o |       |       |       |       |       |     9 ||     9
 Abil: Heal Wounds       |     2 |     3 |    12 |    17 |    23 |    36 ||    93
       Evoke Invisibilit |       |       |       |       |     5 |     7 ||    12
Evoke: Wand              |       |       |       |       |     8 |     4 ||    12
  Use: Scroll            |       |       |    18 |     5 |     7 |     7 ||    37
       Potion            |       |       |     2 |       |     5 |     4 ||    11
 Stab: Invisible         |       |       |       |       |    18 |     5 ||    23
       Held in net/web   |       |       |       |       |       |     1 ||     1
       Distracted        |       |       |       |       |       |     1 ||     1
  Eat: Chunk             |       |     1 |     8 |    22 |    16 |     7 ||    54
       Ration            |       |       |       |     2 |     3 |     1 ||     6
Armor: Scale mail        |    31 |    56 |       |       |       |       ||    87
       Chain mail        |       |    17 |   228 |    17 |       |       ||   262
       Plate armour      |       |       |       |   495 |   842 |   290 ||  1627
       Fire dragon scale |       |       |       |       |       |    68 ||    68
Dodge: Dodged            |    22 |    52 |   173 |   320 |   438 |   259 ||  1264
Block: Kite shield       |    40 |    66 |   250 |   527 |   291 |       ||  1174
       Tower shield      |       |       |       |       |   798 |   796 ||  1594

Table legend:
 A = Non-vault XP
 B = Vault XP
 C = Vault XP percentage of total XP
 D = Non-vault monster count
 E = Vault monster count
 F = Vault count percentage of total count
                 A         B        C        D         E       F
            +---------+---------+-------+---------+---------+-------
      Total |  157376 |  130952 |  45.4 |     580 |     256 |  30.6
            +---------+---------+-------+---------+---------+-------
        D:1 |      10 |       0 |   0.0 |       6 |       0 |   0.0
        D:2 |      13 |       0 |   0.0 |       7 |       0 |   0.0
        D:3 |      95 |       3 |   3.1 |       8 |       2 |  20.0
        D:4 |     304 |     222 |  42.2 |       9 |      12 |  57.1
        D:5 |     328 |       0 |   0.0 |      13 |       0 |   0.0
        D:6 |    1211 |     962 |  44.3 |      28 |       4 |  12.5
        D:7 |    1473 |     122 |   7.6 |      17 |       1 |   5.6
        D:8 |     519 |      11 |   2.1 |      18 |       5 |  21.7
        D:9 |    1806 |       0 |   0.0 |      22 |       0 |   0.0
       D:10 |    2443 |    1647 |  40.3 |      23 |      11 |  32.4
       D:11 |    4480 |    5114 |  53.3 |      52 |      12 |  18.8
       D:12 |    2341 |       0 |   0.0 |      23 |       0 |   0.0
       D:13 |    9001 |    9159 |  50.4 |      41 |      12 |  22.6
       D:14 |    8853 |    6193 |  41.2 |      21 |      11 |  34.4
       D:15 |   13144 |    7221 |  35.5 |      34 |      13 |  27.7
     Temple |      40 |       0 |   0.0 |       1 |       0 |   0.0
     Lair:1 |    1252 |     145 |  10.4 |       4 |       1 |  20.0
     Lair:2 |    2284 |     262 |  10.3 |      11 |       1 |   8.3
     Lair:3 |    1544 |       0 |   0.0 |       6 |       0 |   0.0
     Lair:4 |    9338 |    1328 |  12.5 |      38 |      15 |  28.3
     Lair:5 |    2644 |       0 |   0.0 |      12 |       0 |   0.0
   Shoals:1 |    2617 |       0 |   0.0 |       8 |       0 |   0.0
   Shoals:2 |    1319 |       0 |   0.0 |       2 |       0 |   0.0
   Shoals:3 |    1044 |    3771 |  78.3 |       2 |       2 |  50.0
   Shoals:4 |   14094 |   21309 |  60.2 |      31 |      32 |  50.8
   Spider:1 |    2807 |       0 |   0.0 |       9 |       0 |   0.0
   Spider:2 |    8453 |       0 |   0.0 |      19 |       0 |   0.0
   Spider:3 |    5694 |       0 |   0.0 |      13 |       0 |   0.0
   Spider:4 |    9056 |   16813 |  65.0 |      23 |      28 |  54.9
   Vaults:1 |    8601 |   18557 |  68.3 |      15 |      27 |  64.3
   Vaults:2 |   14066 |   20421 |  59.2 |      24 |      21 |  46.7
   Vaults:3 |   25861 |   13346 |  34.0 |      38 |      21 |  35.6
   Vaults:4 |     639 |       0 |   0.0 |       1 |       0 |   0.0
   Vaults:5 |       2 |     515 |  99.6 |       1 |       1 |  50.0
     Bailey |       0 |    1236 | 100.0 |       0 |      16 | 100.0
   Gauntlet |       0 |    2595 | 100.0 |       0 |       8 | 100.0
            +---------+---------+-------+---------+---------+-------
